 Dungeon Crawl Stone Soup version 0.28.0-45-g0d030f2227 (webtiles) character file.

Game seed: 5864043603860040529

5 Kaptain the Digger (level 1, 0/11 HPs)
             Began as a Gargoyle Earth Elementalist on Apr 1, 2022.
             Slain by a jackal (2 damage)
             ... on level 1 of the Dungeon.
             The game lasted 00:00:35 (27 turns).

Kaptain the Digger (Gargoyle Earth Elementalist)      Turns: 27, Time: 00:00:36

Health: 0/11       AC:  4    Str: 11    XL:     1   Next: 80%
Magic:  1/3        EV: 12    Int: 15    God:
Gold:   0          SH:  0    Dex: 10    Spells: 3/4 levels left

rFire   . . .      SeeInvis .   a - +0 battleaxe
rCold   . . .      Faith    .   (shield currently unavailable)
rNeg    + . .      Spirit   .   b - +0 robe
rPois   ∞          Reflect  .   (no helmet)
rElec   +          Harm     .   (no cloak)
rCorr   .          Rampage  .   (no gloves)
Will    .....                   (no boots)
Stlth   ++........              (no amulet)
HPRegen 0.03/turn               (no ring)
MPRegen 0.08/turn               (no ring)

@: no status effects
A: sickness immunity, AC +2, negative energy resistance 1, electricity
resistance, torment resistance 1, petrification resistance
a: no special abilities


You were on level 1 of the Dungeon.
You visited 1 branch of the dungeon, and saw 1 of its levels.

Inventory:

Hand Weapons
 a - a +0 battleaxe (weapon)
Missiles
 c - 27 stones
Armour
 b - a +0 robe (worn)


   Skills:
 * Level 0.3 Fighting
 + Level 0.1 Armour
 + Level 1.6 Dodging
 - Level 2.1 Stealth
 * Level 2.0 Spellcasting
 * Level 0.3 Conjurations
 - Level 0.7 Transmutations
 * Level 3.7 Earth Magic


You had 3 spell levels left.
You knew the following spells:

 Your Spells              Type           Power      Damage    Failure   Level
a - Sandblast             Erth           24%        2d8       4%          1

Your spell library contained the following spells:

 Spells                   Type           Power      Damage    Failure   Level
 Passwall                 Tmut/Erth      6%         N/A       13%         2
 Stone Arrow              Conj/Erth      14%        3d7       28%         3
 Petrify                  Tmut/Erth      8%         N/A       65%         4


Dungeon Overview and Level Annotations

Branches:
Dungeon (1/15)

Altars:


Innate Abilities, Weirdness & Mutations

You are immune to sickness and miasma.
Your stone body is resilient. (AC +2)
You are immune to poison.
You resist negative energy. (rN+)
You are resistant to electric shocks. (rElec)
You are resistant to unholy torment.
You are immune to petrification.


Message History

The jackal closely misses you.
Casting: Sandblast (safe; 4% risk of failure)
Confirm with . or Enter, or press ? or * to list all spells.
Aiming: Sandblast (safe; 4% risk of failure)
Press: ? - help, Shift-Dir - straight line, f - jackal
Aim: a jackal (74% to hit)
You miscast Sandblast.
You are very lightly contaminated with residual magic.
Nothing appears to happen.
The jackal bites you but does no damage.
You barely miss the jackal.
The jackal bites you but does no damage.
The jackal closely misses you. The jackal bites you.
You miss the jackal. The jackal barely misses you.
The jackal closely misses you.
Casting: Sandblast (safe; 4% risk of failure)
Confirm with . or Enter, or press ? or * to list all spells.
Aiming: Sandblast (safe; 4% risk of failure)
Press: ? - help, Shift-Dir - straight line, f/p - jackal
Aim: a jackal (74% to hit)
The blast of sand misses the jackal.
The blast of sand hits the giant cockroach but does no damage.
The jackal barely misses you.
Unknown command.
You miss the jackal. The jackal misses you. The jackal bites you. x2
* * * LOW HITPOINT WARNING * * *
Your magical contamination has completely faded away.
You closely miss the jackal.
The jackal bites you but does no damage.
The jackal closely misses you.
You miss the jackal. The jackal bites you.
* * * LOW HITPOINT WARNING * * *
The jackal closely misses you. The jackal misses you.
Unknown command.
You barely miss the jackal. The jackal barely misses you. x2
You barely miss the jackal. The jackal closely misses you.
The jackal barely misses you.
A hobgoblin comes into view.
You closely miss the jackal. The jackal bites you.
You die...

.....
#......
##⌠......
#.#.g..(.
#+........
#.........
#Br.......
#h##...r..
#@###+....
##...##...
#.....# .
#..<..#
#.....#
##...##
#####


You could see a jackal, a giant cockroach, a hobgoblin (wandering) and a rat.

Vanquished Creatures
  An endoplasm (D:1)
  3 jackals (D:1)
4 creatures vanquished.

Notes
Turn   | Place    | Note
-------+----------+-------------------------------------------
     0 | D:1      | Kaptain the Gargoyle Earth Elementalist began the quest for
                  | the Orb.
     0 | D:1      | Reached XP level 1. HP: 10/10 MP: 3/3
    27 | D:1      | Slain by a jackal

Illustrated notes

Levels and vault maps discovered:
D:1:      noname_arrival_rooms_in_the_neighbourhood, layout_rooms

Action                   || total
-------------------------++-------
Melee: Battleaxe         ||    12
 Cast: Sandblast         ||     3
Armor: Robe              ||     7
Dodge: Dodged            ||    21
